 Dungeon Crawl Stone Soup version 0.19-a0-1632-g69b3feb (webtiles) character file.

392 Amciq the Cudgeler (level 6, -9/61 HPs)
             Began as a Troll Monk on Sept 19, 2016.
             Mangled by a gnoll
             ... wielding a +0 halberd
              (14 damage)
             ... on level 5 of the Dungeon.
             The game lasted 00:12:21 (3665 turns).

Amciq the Cudgeler (Troll Monk)                     Turns: 3665, Time: 00:12:22

Health: -9/61      AC:  5    Str: 26    XL:     6   Next: 50%
Magic:  5/5        EV: 11    Int:  6    God:
Gold:   186        SH:  0    Dex: 13    Spells: 0 memorised, 5 levels left

rFire  + . .     SeeInvis .     a - +1 mace
rCold  . . .     Gourm    +     n - +0 robe {rC+}
rNeg   . . .     Faith    .     (no shield)
rPois  .         Spirit   .     (helmet restricted)
rElec  .         Dismiss  .     (no cloak)
rCorr  .         Reflect  .     (gloves unavailable)
MR     .....     Harm     .     (boots unavailable)
Stlth  +.........               (no amulet)
                                (no ring)
                                g - ring of fire

@: mighty, lethally poisoned (-9 -> -9)
A: unfitting armour, claws 3, fast metabolism 3, gourmand, regeneration 1,
shaggy fur 1, tough skin 2
a: no special abilities


You were on level 5 of the Dungeon.
You were not hungry.

You visited 1 branch of the dungeon, and saw 5 of its levels.

You collected 186 gold pieces.

Inventory:

Hand Weapons
 a - a +1 mace (weapon)
Armour
 b - a +0 robe
 n - a +0 robe of cold resistance (worn)
Jewellery
 g - a ring of fire (left claw)
 q - an uncursed ring of positive energy {unknown}
 u - an uncursed ring of protection from magic {unknown}
Scrolls
 e - 3 scrolls of fear {unknown}
 h - a scroll of random uselessness {unknown}
 j - a scroll of immolation {unknown}
 k - a scroll of recharging {unknown}
 m - a scroll of noise {unknown}
 o - a scroll of remove curse {unknown}
 s - 2 scrolls of fog {unknown}
 x - a scroll of identify {unknown}
Potions
 f - 2 potions of mutation {unknown}
 l - a potion of curing {unknown}
 p - a potion of degeneration {unknown}
 r - a potion of might
 w - a potion of heal wounds
Comestibles
 c - 3 bread rations
 d - 5 fruits
 i - 2 meat rations
 t - a royal jelly
 v - a beef jerky


   Skills:
 + Level 3.2 Fighting
 * Level 4.3 Maces & Flails
 * Level 3.1 Throwing
 + Level 1.4 Armour
 + Level 3.2 Dodging
 - Level 1.1 Stealth


You had 5 spell levels left.
You didn't know any spells.

Dungeon Overview and Level Annotations

Branches:
Dungeon (5/15)
 Temple: D:4-7

Altars:
Cheibriados
Dithmenos
Fedhas
Nemelex Xobeh
Ru
Vehumet

Annotations:
D:4 PurpleRed's ghost, amateur KoHu


Innate Abilities, Weirdness & Mutations

You are too large for most types of armour.
You have claws for hands.
Your metabolism is lightning-fast.
You like to eat raw meat.
Your natural rate of healing is unusually fast.
You are covered in fur. (AC +1)
You have very tough skin. (AC +2)


Message History

The gnoll barely misses you. The adder bites you.
The gnoll hits you but does no damage.
The gnoll hits you from afar with a spear.
You miss the adder.
The adder is lightly wounded.
The adder barely misses you.
The gnoll hits you from afar with a halberd!
* * * LOW HITPOINT WARNING * * *
The gnoll barely misses you. The gnoll misses you. The adder bites you.
* * * LOW HITPOINT WARNING * * *
You are more poisoned.
The adder poisons you!
You barely miss the adder.
The adder is lightly wounded.
You feel sick.
The gnoll hits you from afar with a spear!
* * * LOW HITPOINT WARNING * * *
The adder barely misses you.
The gnoll hits you from afar with a halberd!
You die...

##. #(.# #..#
###..#### ####.
#.+..... ..(...
#.#...###....(.
#.#...#..(..#
##...g...###.#
#..@Sgg....#.####
.........g...........
###...#######........
...... #...)....
..... #####........
..... #............
.... ###.###........
....
#.....############
#.....# #.....#


You could see 4 gnolls and an adder.

Vanquished Creatures
  A scorpion (D:5)
  A crimson imp (D:5)
  An orc wizard (D:3)
  An iron imp (D:5)
  Ijyb (D:3)
  An iguana (D:4)
  Natasha (thrice) (D:3)
  A killer bee zombie (D:5)
  5 adders
  2 dart slugs
  2 leopard geckos (D:3)
  5 orcs (D:3)
  7 giant cockroaches
  4 goblins
  6 hobgoblins
  2 jackals (D:1)
  A quokka (D:3)
  2 bats (D:3)
  3 frilled lizards
  7 kobolds
  5 rats
61 creatures vanquished.

Notes
Turn   | Place    | Note
-------+----------+-------------------------------------------
     0 | D:1      | Amciq the Troll Monk began the quest for the Orb.
     0 | D:1      | Reached XP level 1. HP: 22/22 MP: 0/0
   494 | D:1      | Reached XP level 2. HP: 29/29 MP: 1/1
   518 | D:1      | Reached skill level 3 in Maces & Flails
   675 | D:1      | Reached skill level 1 in Throwing
  1011 | D:2      | Reached XP level 3. HP: 9/36 MP: 2/2
  1261 | D:2      | Found a sparkling altar of Nemelex Xobeh.
  1397 | D:2      | Found a blossoming altar of Fedhas.
  2029 | D:3      | Noticed Ijyb
  2043 | D:3      | Killed Ijyb
  2043 | D:3      | Reached XP level 4. HP: 21/44 MP: 3/3
  2185 | D:3      | Found a faded altar of an unknown god.
  2305 | D:3      | Noticed Natasha
  2310 | D:3      | Killed Natasha
  2350 | D:3      | Noticed Natasha
  2363 | D:3      | Reached skill level 1 in Armour
  2363 | D:3      | Reached XP level 5. HP: 33/52 MP: 4/4
  2407 | D:3      | Killed Natasha
  2429 | D:3      | Noticed Natasha
  2464 | D:3      | Killed Natasha
  2578 | D:3      | Reached skill level 4 in Maces & Flails
  2606 | D:3      | Found a shadowy altar of Dithmenos.
  2982 | D:3      | Found a sacrificial altar of Ru.
  3158 | D:4      | Found a radiant altar of Vehumet.
  3234 | D:4      | Noticed PurpleRed's ghost (amateur KoHu)
  3244 | D:4      | Noticed a phantom
  3246 | D:5      | Entered Level 5 of the Dungeon
  3442 | D:5      | Reached XP level 6. HP: 60/61 MP: 5/5
  3558 | D:5      | Found a snail-covered altar of Cheibriados.
  3665 | D:5      | Mangled by a gnoll

Vault maps used:
D:1:      dpeg_chamrin_arrival_tetris, minmay_unequal
D:2:      nemelex_xobeh_ov_fountains_minmay, lemuel_round_altar,
          grunt_ministairs_6
D:3:      grunt_dithmenos_smoke, lemuel_coloured_pillars_altar,
          ecumenical_altar_1, uniq_iyjb, uniq_natasha
D:4:      kennysheep_little_box, fiery_altar_vehumet, lemuel_round_altar
D:5:      nicolae_overflow_crystal_walls, slow_altar_1, first_bread, tgw_sif

Skill      XL: |  1  2  3  4  5  6 |
---------------+-------------------+-----
Maces & Flails | 3 4 |  4.3
Throwing       | 1 2 3 |  3.1
Armour         | 1 |  1.4
Fighting       | 3 |  3.2
Dodging        | 3 |  3.2
Stealth        | |  1.1

Action                   |  1- 3 |  4- 6 || total
-------------------------+-------+-------++-------
Melee: Mace              |   113 |   175 ||   288
Throw: Stone             |    19 |    37 ||    56
  Use: Potion            |     2 |     4 ||     6
       Scroll            |       |     1 ||     1
 Stab: Sleeping          |     6 |     1 ||     7
  Eat: Chunk             |    15 |    20 ||    35
Armor: Robe              |    38 |    45 ||    83
Dodge: Dodged            |    70 |   119 ||   189
